Map: Pillars of Gold LE

Players

Lambo - Winner!

  • Race: Zerg Zerg
  • League: Grandmaster
  • Spawn Location: 1:00

Rail

  • Race: Protoss Protoss
  • League: Grandmaster
  • Spawn Location: 7:00

Event: DreamHack SC2 Masters 2020 Summer Europe

VOD

Have the link to the VOD?

Description

Time

  • Played on: June 24, 2020, 10:27 a.m.
  • Length: 10:53

All games in this series

Show
View Real Time Build Order
Export as new Build Order

Lambo Zerg - Winner!

Build Orders: Hatch First 

Get SALT Encoding   

  12  0:00  Drone  
  13  0:12  Overlord  
  13  0:17  Drone  
  14  0:31  Drone x2  
  16  0:49  Hatchery  
  15  0:53  Drone  
  15  0:56  Drone  
  17  1:00  Drone  
  18  1:09  Extractor  
  17  1:15  Spawning Pool  
  16  1:18  Drone  
  16  1:22  Drone  
  18  1:29  Drone  
  19  1:38  Drone  
  20  1:49  Drone  
  21  2:02  Queen x2  
  21  2:03  Overlord, Zergling x2  
  26  2:11  Drone  
  27  2:15  Drone  
  28  2:23  Drone  
  28  2:24  Drone  
  30  2:32  Hatchery  
  30  2:35  Drone  
  30  2:38  Drone  
  30  2:41  Pneumatized Carapace  
  31  2:45  Drone  
  32  2:51  Overlord  
  32  2:56  Queen  
  34  3:00  Drone  
  34  3:02  Drone  
  36  3:06  Overlord  
  36  3:12  Drone x3  
  39  3:13  Drone  
  40  3:21  Drone x2  
  40  3:22  Metabolic Boost  
  42  3:30  Drone  
  42  3:31  Drone  
  42  3:32  Queen  
  46  3:39  Drone  
  47  3:43  Overlord  
  47  3:45  Drone x4  
  51  3:50  Queen  
  51  3:52  Overlord  
  53  3:56  Drone x2  
  53  4:02  Drone  
  56  4:06  Roach Warren, Overlord  
  56  4:08  Drone  
  56  4:11  Drone x2  
  56  4:12  Drone  
  56  4:15  Drone  
  60  4:19  Overlord  
  60  4:20  Extractor x2  
  60  4:22  Drone x3  
  61  4:25  Roach Warren  
  61  4:28  Drone x2  
  61  4:30  Drone  
  63  4:32  Drone x2  
  63  4:36  Lair  
  63  4:38  Drone  
  66  4:40  Drone x2  
  66  4:42  Drone x2  
  66  4:45  Drone x2  
  72  4:52  Extractor  
  71  4:53  Extractor  
  71  4:54  Drone x3  
  71  4:58  Zergling x2, Extractor  
  71  4:59  Zergling x6  
  76  5:01  Overlord  
  76  5:03  Zergling x4  
  76  5:04  Zergling x2  
  79  5:08  Overlord  
  79  5:12  Roach x2  
  79  5:13  Roach  
  85  5:16  Overlord  
  85  5:22  Zergling x6  
  85  5:23  Overlord, Zergling x2  
  85  5:27  Evolution Chamber  
  88  5:29  Roach x2  
  88  5:35  Roach x2  
  89  5:46  Drone x4  
  89  5:47  Drone  
  89  5:48  Glial Reconstitution, Drone  
  95  5:50  Roach x5  
  95  5:53  Tunneling Claws  
  95  5:54  Burrow  
  105  5:58  Roach x2  
  105  6:02  Roach x2  
  104  6:14  Roach x3  
  104  6:17  Roach x3  
  104  6:18  Roach  
  118  6:23  Ravager x3, Overlord  
  121  6:26  Overlord  
  121  6:27  Overlord  
  121  6:29  Overlord  
  121  6:38  Overlord  
  121  6:40  Overlord  
  121  6:42  Overlord  
  121  6:44  Overlord  
  121  6:48  Roach x6  
  121  6:51  Drone x2  
  121  6:53  Drone  
  136  6:55  Ravager x3  
  136  6:57  Roach  
  136  6:59  Drone  
  142  7:05  Roach x3  
  148  7:16  Drone  
  148  7:17  Drone x3  
  148  7:18  Drone x2  
  148  7:21  Roach x2  
  158  7:23  Hatchery  
  158  7:24  Roach x9  
  158  7:25  Roach  
  158  7:26  Roach  
  158  7:29  Roach x2  
  167  7:30  Roach  
  167  7:31  Ravager x2  
  167  7:34  Drone  
  167  7:35  Overseer  
  170  7:38  Roach x2  
  170  7:39  Roach  
  176  7:45  Roach  
  176  7:48  Overlord  
  176  7:49  Overlord  
  176  7:50  Overlord  
  178  7:52  Overlord  
  178  7:56  Drone x3  
  178  7:57  Baneling Nest  
  159  8:02  Roach x4  
  159  8:04  Roach  
  164  8:06  Roach  
  164  8:08  Roach  
  157  8:13  Roach x3  
  157  8:16  Roach  
  156  8:22  Roach  
  156  8:23  Roach x3  
  156  8:25  Zerg Melee Weapons Level 1  
  164  8:30  Zergling x6  
  164  8:32  Ravager  
  168  8:35  Infestation Pit  
  168  8:37  Roach x2  
  168  8:41  Roach x2  
  175  8:44  Centrifical Hooks  
  175  8:47  Ravager x3  
  175  8:48  Roach x2  
  180  8:51  Roach  
  180  8:52  Ravager  
  180  8:53  Roach x2  
  180  8:54  Roach x2  
  180  8:55  Roach  
  187  8:56  Zergling x6  
  187  9:04  Roach x4  
  186  9:10  Roach x4  
  186  9:15  Zergling x4  
  184  9:17  Ravager  
  184  9:19  Roach x3  
  191  9:25  Zergling x2  
  191  9:27  Overlord  
  191  9:28  Overlord  
  191  9:29  Overlord  
  192  9:32  Overlord  
  192  9:38  Baneling x6  
  192  9:40  Hive  
  192  9:41  Overlord  
  192  9:46  Baneling x6  
  192  9:54  Roach x5  
  192  9:56  Roach  
  192  9:57  Roach  
  190  10:01  Roach x3  
  190  10:03  Roach  
  196  10:10  Zergling x6  
  180  10:14  Roach x3  
  180  10:17  Roach x4  
  180  10:21  Roach x2  
  188  10:23  Roach  
  188  10:24  Roach  
  188  10:26  Roach  
  151  10:30  Roach  
  151  10:33  Roach  
Show
View Real Time Build Order
Export as new Build Order

Rail Protoss 

Build Orders: Colossus Rush 

Get SALT Encoding   

  12  0:01  Probe  
  13  0:13  Probe  
  14  0:20  Pylon  
  14  0:25  Probe  
  15  0:38  Probe  
  16  0:50  Probe  
  17  1:02  Probe  
  18  1:09  Nexus  
  18  1:16  Gateway  
  18  1:18  Probe  
  18  1:23  Assimilator  
  19  1:28  Assimilator  
  19  1:30  Probe  
  20  1:38  Pylon  
  20  1:39  Probe  
  21  1:47  Probe  
  22  1:57  Probe  
  23  2:03  Cybernetics Core  
  23  2:05  Probe  
  23  2:08  Zealot  
  25  2:13  Probe  
  26  2:20  Gateway, Probe  
  27  2:23  Probe  
  27  2:28  Probe  
  29  2:31  Probe  
  31  2:37  Probe  
  31  2:40  Sentry  
  31  2:41  Probe  
  35  2:45  Warp Gate  
  35  2:49  Probe  
  36  2:54  Probe  
  36  2:56  Robotics Facility  
  37  3:01  Probe  
  38  3:05  Pylon  
  38  3:06  Probe  
  41  3:13  Stalker, Probe  
  41  3:19  Probe  
  42  3:21  Probe  
  42  3:25  Pylon  
  44  3:27  Probe  
  44  3:29  Probe  
  46  3:35  Assimilator, Probe  
  46  3:39  Assimilator  
  46  3:41  Probe  
  47  3:43  Adept  
  47  3:47  Observer, Robotics Bay  
  47  3:48  Probe  
  52  3:53  Probe  
  53  4:00  Probe  
  53  4:02  Warp Prism  
  54  4:06  Probe  
  57  4:16  Pylon  
  57  4:23  Gateway  
  57  4:24  Gateway  
  57  4:26  Gravitic Drive, Probe  
  57  4:28  Gateway  
  57  4:29  Gateway  
  58  4:34  Disruptor  
  61  4:40  Zealot  
  63  4:45  Pylon  
  63  4:53  Nexus  
  63  4:55  Probe  
  63  4:56  Probe  
  65  5:04  Pylon  
  65  5:08  Colossus, Probe x2  
  65  5:11  Sentry  
  69  5:20  Probe x2  
  76  5:27  Extended Thermal Lance  
  76  5:28  Probe  
  77  5:32  Sentry x2, Probe  
  83  5:35  Pylon  
  83  5:38  Pylon, Probe  
  84  5:44  Probe  
  84  5:48  Colossus  
  85  5:50  Probe  
  85  5:51  Pylon  
  85  5:56  Probe  
  87  6:02  Probe  
  87  6:03  Sentry  
  87  6:04  Stalker x2  
  100  6:05  Probe  
  100  6:08  Probe  
  102  6:21  Assimilator  
  102  6:24  Gateway, Assimilator  
  102  6:25  Gateway  
  102  6:26  Sentry  
  102  6:27  Stalker x2  
  102  6:29  Colossus  
  102  6:30  Probe x2  
  102  6:31  Probe  
  111  6:42  Probe x2  
  116  6:49  Gateway  
  116  6:50  Gateway  
  116  6:56  Sentry, Stalker  
  116  7:00  Pylon  
  116  7:01  Sentry, Pylon  
  120  7:02  Stalker, Pylon  
  124  7:09  Probe  
  124  7:11  Disruptor  
  125  7:17  Pylon  
  125  7:21  Stalker x2  
  125  7:22  Stalker x3  
  135  7:25  Pylon  
  135  7:27  Stalker  
  140  7:31  Pylon  
  140  7:42  Pylon  
  140  7:44  Pylon  
  140  7:45  Stalker, Observer  
  140  7:46  Stalker  
  140  7:47  Stalker x4  
  143  7:58  Stalker  
  138  8:03  Probe  
  133  8:08  Probe x2  
  129  8:19  Sentry, Stalker x4  
  135  8:20  Stalker  
  137  8:28  Stalker x3  
  143  8:34  Stalker  
  143  8:50  Sentry, Stalker x4  
  143  8:53  Stalker  
  143  8:54  Stalker  
  157  8:57  Stalker  
  157  9:00  Stalker  
  151  9:17  Stalker x4  
  151  9:18  Stalker  
  161  9:25  Stalker x2  
  165  9:34  Stalker x2  
  165  9:37  Stalker  
  171  9:46  Stalker x2  
  171  9:47  Stalker  
  152  10:05  Stalker x2  
  152  10:06  Stalker x2  
  51  10:44  Stalker x3  
  51  10:45  Stalker x3  
Tags
 
Add a new tag
Caveats
  • Supply blocks, unpowered buildings, or Contaminate may cause inaccurate times.
  • Supply counts are checked every 10 seconds.